 Dungeon Crawl Stone Soup version 0.30.1-11-g7821555f0a (webtiles) character file.

Game seed: 12997686469722843068

1652 JAYSQUAD5 the Spear-Bearer (level 8, -7/64 (67) HPs)
             Began as a Minotaur Gladiator on Dec 19, 2023.
             Was an Initiate of Ashenzari.
             Mangled by an orc warrior
             ... wielding a +0 spear
              (9 damage)
             ... in a bailey on Dec 20, 2023.
             The game lasted 00:34:25 (2366 turns).

JAYSQUAD5 the Spear-Bearer (Minotaur Gladiator)     Turns: 2366, Time: 00:34:26

HP:   -7/64 (67)    AC: 11    Str: 25    XL:     8   Next: 68%
MP:   7/7           EV: 10    Int:  5    God:    Ashenzari [......]
Gold: 181           SH:  9    Dex: 14    Spells: 7/7 levels left

rFire   . . .        t - +2 spear (heavy)
rCold   . . .        i - +0 kite shield {rPois}
rNeg    . . .        l - +0 chain mail
rPois   +            c - +0 hat
rElec   .            (no cloak)
rCorr   .            k - +0 pair of gloves
SInv    .            (no boots)
Will    .....        u - amulet of magic regeneration Stlth
                     h - +6 ring of strength
HPRegen 0.30/turn    x - ring of flight
MPRegen 0.50/turn

%: no passive effects
@: on berserk cooldown, flying, slowed, lightly drained, very slow
A: horns 2, retaliatory headbutt
a: Renounce Religion, Curse Item


You were in a bailey.
You worshipped Ashenzari.
Ashenzari was noncommittal.
You visited 2 branches of the dungeon, and saw 8 of its levels.
You also visited: Bailey.

You collected 181 gold pieces.

Inventory:

Hand Weapons
 a - a +0 trident
 s - a +2 dagger of venom
 t - a +2 heavy spear (weapon)
Missiles
 d - a throwing net (quivered)
 e - a javelin
Armour
 b - a +0 leather armour
 c - a +0 hat (worn)
 f - a +0 ring mail
 i - a +0 kite shield of poison resistance (worn)
 k - a +0 pair of gloves (worn)
 l - a +0 chain mail (worn)
Jewellery
 h - a +6 ring of strength (left hand)
 r - an amulet of guardian spirit
 u - an amulet of magic regeneration (around neck)
 x - a ring of flight (right hand)
 z - a +5 ring of evasion
Wands
 q - a wand of digging (6)
 y - a wand of flame (9)
Scrolls
 j - a scroll of identify
 o - 3 scrolls of teleportation {unknown}
 v - a scroll of fear {unknown}
Potions
 g - 3 potions of lignification
 m - 2 potions of attraction
 n - a potion of haste
 w - a potion of mutation
 A - a potion of heal wounds {unknown}
 B - a potion of curing


   Skills:
 + Level 4.7 Fighting
 + Level 8.7 Polearms
 * Level 3.3 Throwing
 + Level 5.8 Armour
 + Level 5.5 Dodging
 + Level 0.6 Stealth
 + Level 4.4 Shields


You had 7 spell levels left.
You didn't know any spells.
Your spell library contained the following spells:

 Spells                   Type           Power      Damage    Failure   Level
 Tukima's Dance           Hex            0%         N/A       100%        3
 Passage of Golubria      Tloc           0%         N/A       100%        4
 Yara's Violent Unravell  Hex/Tmut       0%         3d3       100%        5
 Malign Gateway           Summ/Tloc      0%         N/A       100%        7
 Summon Horrible Things   Summ           0%         N/A       100%        8


Dungeon Overview and Level Annotations

Branches:
Dungeon (7/15)             Temple (1/1) D:5          Bailey (1/1)

Altars:
Ashenzari
Cheibriados
Dithmenos
Elyvilon
Fedhas
Kikubaaqudgha
Makhleb
Nemelex Xobeh
Ru
Uskayaw
Vehumet
Wu Jian
Yredelemnul
Zin
The Shining One


Innate Abilities, Weirdness & Mutations

You have a pair of horns on your head.
You reflexively headbutt those who attack you in melee.


Message History

An orc warrior comes into view. It is wielding a +0 spear.
An orc warrior comes into view. It is wielding a +0 trident.
The orc warrior shouts!
You block the orc's attack. The orc hits you with a +0 halberd!
You puncture the orc!
You kill the orc!
You block the orc warrior's attack.
The orc warrior hits you from afar with a +0 glaive.
The orc warrior hits you from afar with a +0 spear.
The orc warrior hits you but does no damage.
The orc warrior closely misses you. x2
The orc warrior hits you but does no damage.
The orc warrior barely misses you. The orc warrior closely misses you.
Things that are here:
a +0 halberd; a +0 chain mail You barely miss the orc warrior.
Your headbutt misses the orc warrior. The orc warrior barely misses you.
An orc warrior comes into view. It is wielding a +0 halberd.
The orc warrior hits you from afar with a +0 trident.
The orc warrior hits you with a +0 spear!
The orc warrior shouts repeatedly, as Orcs often do.
The orc warrior hits you with a +0 glaive!
You closely miss the orc warrior.
The orc warrior shouts!
You hear a shout!
The orc warrior hits you from afar with a +0 spear.
The orc warrior hits you with a +0 glaive!
* * * LOW HITPOINT WARNING * * *
You block the orc warrior's attack.
The orc warrior hits you with a +0 spear.
* * * LOW HITPOINT WARNING * * *
The orc warrior barely misses you. The orc warrior misses you.
The orc warrior hits you from afar with a +0 spear.
* * * LOW HITPOINT WARNING * * *
You block the orc warrior's attack.
You hit the orc warrior. Your headbutt misses the orc warrior.
The orc warrior is lightly wounded.
The orc warrior hits you but does no damage.
The orc warrior barely misses you. You block the orc warrior's attack.
The orc warrior hits you with a +0 spear!
You die...

#...≈≈≈ ####..≈≈≈≈ ..#
###.....≈≈≈≈ ..#
♣♣♣...♣♣..≈≈≈≈ ..##
♣♣......♣..≈≈≈ ...#
♣.........######...# 8#
♣..∩...............#..#
♣...........)..o.o.'..#
♣..............@.o.'..#
♣..∩............oo.#..#
♣.........######...#
♣♣.........≈ ...#
♣♣♣....♣..≈≈ ♣.##
###.....≈≈ .# ##.♣..≈≈
.# ...≈ .# .≈


You could see 5 orc warriors.

Vanquished Creatures
  Grinder (D:4)
  Sigmund (D:4)
  2 black bears (D:5)
  2 phantoms
  An ogre (D:6)
  2 centaurs (D:7)
  3 kobold brigands
  A scorpion (D:6)
  3 hounds
  A gnoll bouda (D:6)
  A sleepcap (D:6)
  Natasha (D:2)
  2 iguanas (D:6)
  2 orc wizards (D:5)
  5 adders
  3 gnolls (D:6)
  3 ufetubi
  3 dart slugs
  11 orcs
  2 ball pythons (D:1)
  6 bats
  2 endoplasms
  7 goblins
  5 hobgoblins
  4 jackals (D:1)
  2 quokkas
  2 frilled lizards (D:1)
  18 kobolds
  5 rats
101 creatures vanquished.

Notes
Turn   | Place    | Note
-------+----------+-------------------------------------------
     0 | D:1      | JAYSQUAD5 the Minotaur Gladiator began the quest for the
                  | Orb.
     0 | D:1      | Reached XP level 1. HP: 18/18 MP: 0/0
    91 | D:1      | Reached XP level 2. HP: 25/25 MP: 1/1
    93 | D:1      | Reached skill level 4 in Polearms
   250 | D:2      | Noticed Natasha
   261 | D:2      | Killed Natasha
   262 | D:2      | Reached XP level 3. HP: 8/30 MP: 2/2
   356 | D:2      | Reached skill level 1 in Armour
   356 | D:2      | Reached XP level 4. HP: 22/37 MP: 3/3
   752 | D:4      | Noticed Sigmund
   765 | D:4      | Killed Sigmund
   766 | D:4      | Reached skill level 5 in Polearms
   766 | D:4      | Reached skill level 1 in Shields
   766 | D:4      | Reached XP level 5. HP: 45/45 MP: 4/4
   766 | D:4      | Reached XP level 6. HP: 51/51 MP: 5/5
   861 | D:4      | Reached skill level 6 in Polearms
   877 | D:4      | Noticed Grinder
   888 | D:4      | Paralysed by Grinder for 2 turns
   901 | D:4      | Killed Grinder
   902 | D:4      | Reached XP level 7. HP: 46/58 MP: 6/6
   922 | D:5      | Entered Level 5 of the Dungeon
   931 | D:5      | Reached skill level 7 in Polearms
  1113 | D:5      | Found a staircase to the Ecumenical Temple.
  1122 | Temple   | Entered the Ecumenical Temple
  1176 | Temple   | Became a worshipper of Ashenzari the Shackled
  1415 | D:5      | Found a white marble altar of Elyvilon.
  1606 | D:6      | Reached skill level 8 in Polearms
  1606 | D:6      | Reached skill level 5 in Armour
  1606 | D:6      | Reached skill level 5 in Dodging
  1606 | D:6      | Reached XP level 8. HP: 27/67 MP: 7/7
  2316 | D:7      | Found a flagged portal.
  2348 | Bailey   | Entered a bailey
  2365 | Bailey   | HP: 2/64 [orc warrior/+0 spear (3)]
  2366 | Bailey   | Mangled by an orc warrior

Illustrated notes

Levels and vault maps discovered:
D:1:      dpeg_arrival_radiant, layout_rooms, minmay_tromino_v2
D:2:      layout_basic, shapermc_ecumenical_altar_mp_urbaneastern, serial_shops,
          nicolae_shop_advertising_works [nicolae_subvault_shop_adworks],
          uniq_natasha, uniq_terence
D:3:      layout_basic, nicolae_hepliaklqana_hippocampus, serial_bayou_lagoon_a
D:4:      layout_loops_cross, serial_aquarium, aquarium_bridge_square
          [aquarium_subvault_window, aquarium_subvault_bridge,
          aquarium_subvault_wall, aquarium_subvault_bridge],
          aquarium_window_corner, aquarium_window_2, aquarium_window_3,
          aquarium_view_2f, aquarium_balcony_5b, nicolae_shop_self_help,
          uniq_grinder, uniq_sigmund, uniq_menkaure
D:5:      layout_basic, elyvilon_altar_4, minmay_temple_entry_glassed_door,
          uniq_blork_the_orc
D:6:      layout_loops_ring, nicolae_overflow_hidden_temple, minmay_misc_feat_x
D:7:      layout_rooms, mainiacjoe_overflow_small_starburst, enter_bailey_3
Temple:   nicolae_temple_bog_church
Bailey:   bailey_polearm_elven_captive_hellmonk, bailey

Skill      XL: |  1  2  3  4  5  6  7  8 |
---------------+-------------------------+-----
Polearms       | 4 5 6 8 |  8.7
Dodging        | 4 5 |  5.5
Armour         | 1 2 3 5 |  5.8
Fighting       | 3 4 |  4.7
Shields        | 1 2 3 4 |  4.4
Throwing       | 3 |  3.3
Stealth        | |  0.6

Action                     |  1- 3 |  4- 6 |  7- 9 || total
---------------------------+-------+-------+-------++-------
  Melee: Trident           |    53 |    50 |    40 ||   143
         Headbutt          |     3 |     7 |    28 ||    38
         Spear             |       |       |   115 ||   115
  Throw: Throwing net      |       |       |     3 ||     3
    Use: Scroll            |     1 |       |     6 ||     7
         Potion            |     1 |       |     3 ||     4
 Armour: Leather armour    |    20 |       |       ||    20
         Ring mail         |       |    14 |       ||    14
         Chain mail        |       |    14 |   102 ||   116
  Dodge: Dodged            |    43 |    21 |    99 ||   163
  Block: Kite shield       |    16 |    17 |   112 ||   145
